Map: Romanticide LE

Players

Stats

  • Race: Protoss Protoss
  • League: Grandmaster
  • Spawn Location: 11:00

Zest - Winner!

  • Race: Protoss Protoss
  • League: Master
  • Spawn Location: 5:00

Event: TSL 6

VOD

Have the link to the VOD?

Description

Time

  • Played on: Dec. 18, 2020, 10:41 a.m.
  • Length: 9:45

All games in this series

Show
View Real Time Build Order
Export as new Build Order

Stats Protoss 

Build Orders: Phoenix Opening 

Get SALT Encoding   

  12  0:00  Probe  
  13  0:12  Probe  
  14  0:17  Pylon  
  14  0:24  Probe (Chrono Boost)  
  15  0:36  Gateway, Probe (Chrono Boost)  
  16  0:44  Probe (Chrono Boost)  
  16  0:45  Assimilator  
  17  0:50  Probe  
  17  0:54  Assimilator  
  18  1:03  Probe (Chrono Boost)  
  19  1:08  Gateway  
  19  1:14  Probe (Chrono Boost)  
  20  1:18  Probe (Chrono Boost)  
  20  1:24  Cybernetics Core  
  21  1:29  Probe  
  22  1:35  Pylon  
  22  1:41  Probe  
  23  1:53  Probe  
  24  2:00  Warp Gate  
  24  2:01  Adept x2  
  28  2:05  Probe  
  29  2:12  Pylon  
  29  2:27  Pylon  
  29  2:31  Stalker  
  29  2:32  Stalker  
  33  2:54  Nexus  
  33  2:59  Shield Battery  
  33  3:03  Sentry  
  33  3:05  Sentry  
  37  3:15  Pylon  
  37  3:16  Probe  
  38  3:28  Probe (Chrono Boost)  
  38  3:30  Twilight Council  
  39  3:40  Probe (Chrono Boost)  
  40  3:43  Phoenix  
  41  3:48  Probe (Chrono Boost)  
  41  3:50  Stalker x2  
  41  3:54  Probe (Chrono Boost)  
  46  4:06  Probe x2 (Chrono Boost)  
  46  4:07  Blink  
  48  4:14  Stalker  
  49  4:17  Probe x2 (Chrono Boost)  
  50  4:25  Probe (Chrono Boost)  
  50  4:26  Probe (Chrono Boost)  
  50  4:27  Phoenix  
  50  4:28  Forge  
  52  4:37  Probe (Chrono Boost)  
  54  4:42  Probe (Chrono Boost)  
  54  4:44  Probe (Chrono Boost)  
  55  4:49  Probe  
  55  4:50  Pylon  
  55  4:51  Sentry  
  58  4:56  Nexus  
  58  4:58  Probe  
  59  5:01  Probe  
  59  5:04  Nexus  
  59  5:06  Protoss Ground Weapons Level 1  
  60  5:10  Probe  
  60  5:12  Phoenix  
  60  5:13  Probe  
  62  5:16  Assimilator  
  62  5:25  Gateway  
  62  5:26  Gateway  
  62  5:28  Probe x2  
  64  5:31  Pylon  
  64  5:41  Stalker x2  
  68  5:44  Pylon, Probe (Chrono Boost)  
  68  5:49  Probe (Chrono Boost)  
  70  5:56  Probe (Chrono Boost)  
  71  5:59  Probe (Chrono Boost)  
  71  6:00  Pylon  
  72  6:04  Stalker x2, Probe x2  
  78  6:17  Probe (Chrono Boost)  
  80  6:18  Probe (Chrono Boost)  
  80  6:21  Probe (Chrono Boost)  
  80  6:22  Charge  
  81  6:27  Robotics Facility  
  81  6:28  Probe x2 (Chrono Boost)  
  81  6:31  Probe (Chrono Boost)  
  84  6:32  Probe (Chrono Boost)  
  84  6:33  Probe (Chrono Boost)  
  86  6:41  Probe  
  75  6:56  Stalker x2  
  75  6:57  Stalker x2  
  75  6:59  Probe x3  
  82  7:04  Shield Battery  
  82  7:13  Immortal (Chrono Boost)  
  82  7:14  Gateway  
  82  7:16  Gateway  
  82  7:19  Gateway  
  82  7:21  Shield Battery x2  
  82  7:22  Stalker x4, Assimilator, Gateway  
  88  7:29  Probe x3  
  95  7:32  Assimilator  
  95  7:41  Pylon  
  95  7:44  Pylon  
  95  7:45  Immortal (Chrono Boost)  
  95  7:49  Pylon  
  95  7:50  Pylon  
  99  7:54  Assimilator  
  99  7:57  Zealot x4  
  107  8:06  Pylon  
  107  8:09  Pylon  
  107  8:11  Robotics Bay  
  107  8:13  Robotics Facility  
  107  8:15  Photon Cannon  
  107  8:17  Photon Cannon  
  107  8:19  Observer (Chrono Boost), Photon Cannon  
  108  8:21  Assimilator  
  108  8:33  Warp Prism (Chrono Boost)  
  110  8:48  Stalker x3  
  114  8:49  Stalker, Zealot x4  
  124  8:59  Disruptor x2 (Chrono Boost)  
  130  9:12  Zealot x7  
  130  9:13  Zealot  
  114  9:34  Zealot x7  
  114  9:35  Zealot  
Show
View Real Time Build Order
Export as new Build Order

Zest Protoss - Winner!

Build Orders:  

Get SALT Encoding   

  12  0:00  Probe  
  13  0:12  Probe  
  14  0:17  Pylon  
  14  0:24  Probe (Chrono Boost)  
  16  0:36  Gateway, Probe (Chrono Boost)  
  16  0:43  Probe (Chrono Boost)  
  16  0:46  Assimilator  
  17  0:51  Probe  
  18  1:03  Probe (Chrono Boost)  
  19  1:04  Assimilator  
  19  1:10  Gateway  
  19  1:12  Probe (Chrono Boost)  
  19  1:17  Probe (Chrono Boost)  
  20  1:24  Cybernetics Core  
  21  1:29  Probe  
  22  1:35  Pylon  
  22  1:41  Probe  
  23  1:53  Probe  
  24  1:59  Warp Gate (Chrono Boost)  
  24  2:00  Stalker x2  
  28  2:14  Pylon  
  28  2:23  Pylon  
  28  2:31  Sentry  
  28  2:36  Sentry  
  32  2:44  Nexus  
  32  3:01  Stalker  
  32  3:05  Shield Battery  
  34  3:06  Stalker  
  36  3:14  Pylon  
  36  3:20  Probe  
  37  3:28  Shield Battery  
  37  3:33  Probe  
  38  3:41  Adept  
  38  3:44  Adept  
  38  3:45  Probe (Chrono Boost)  
  43  3:54  Probe (Chrono Boost)  
  44  4:00  Phoenix, Probe (Chrono Boost)  
  46  4:03  Twilight Council  
  46  4:04  Probe (Chrono Boost)  
  46  4:09  Probe (Chrono Boost)  
  47  4:13  Probe (Chrono Boost), Forge  
  47  4:14  Probe (Chrono Boost)  
  49  4:23  Probe  
  46  4:26  Probe (Chrono Boost)  
  46  4:30  Blink  
  47  4:38  Probe (Chrono Boost)  
  49  4:39  Protoss Ground Weapons Level 1 (Chrono Boost)  
  49  4:40  Pylon, Probe (Chrono Boost)  
  49  4:47  Probe (Chrono Boost)  
  49  4:50  Probe (Chrono Boost)  
  49  4:52  Probe  
  51  4:54  Gateway  
  51  4:59  Probe  
  53  5:06  Nexus  
  53  5:08  Probe  
  53  5:11  Pylon  
  53  5:12  Probe  
  55  5:20  Probe  
  56  5:26  Probe  
  57  5:32  Probe  
  57  5:33  Robotics Facility  
  58  5:39  Probe  
  59  5:44  Gateway  
  59  5:45  Gateway, Probe  
  59  5:46  Gateway  
  60  5:51  Stalker x2  
  60  5:52  Pylon, Probe  
  65  5:59  Probe  
  66  6:05  Gateway  
  66  6:07  Gateway  
  66  6:09  Probe  
  66  6:11  Gateway, Probe  
  68  6:21  Observer (Chrono Boost)  
  68  6:22  Probe x2  
  68  6:25  Probe  
  71  6:26  Stalker x2  
  71  6:27  Stalker  
  75  6:40  Stalker  
  75  6:41  Stalker, Probe  
  75  6:46  Probe  
  72  6:57  Stalker  
  72  6:58  Stalker x3  
  78  7:02  Stalker x2  
  78  7:07  Pylon  
  82  7:11  Protoss Ground Weapons Level 2 (Chrono Boost)  
  82  7:16  Warp Prism (Chrono Boost)  
  82  7:18  Charge (Chrono Boost)  
  82  7:20  Probe x2  
  82  7:21  Probe  
  87  7:34  Nexus  
  87  7:45  Pylon  
  87  7:46  Gateway  
  87  7:54  Pylon  
  87  8:08  Zealot x8  
  87  8:09  Zealot  
  105  8:16  Pylon  
  105  8:19  Pylon  
  105  8:26  Pylon  
  105  8:29  Zealot x4  
  105  8:30  Zealot x2  
  105  8:33  Observer  
  117  8:36  Zealot  
  117  8:37  Zealot x2  
  117  8:38  Probe x2  
  125  8:48  Zealot  
  125  8:52  Zealot x6  
  136  8:57  Zealot x2  
  136  8:59  Zealot, Observer  
  139  9:21  Zealot x5  
  139  9:22  Zealot x4  
Tags
 
Add a new tag
Caveats
  • Supply blocks, unpowered buildings, or Contaminate may cause inaccurate times.
  • Supply counts are checked every 10 seconds.